 Dungeon Crawl Stone Soup version 0.28-a0-1206-g193881aaa2 (webtiles) character file.

Game seed: 13575223699594065912

2882 hazymike the Grappler (level 9, -7/79 HPs)
             Began as a Ghoul Monk on Dec 20, 2021.
             Was a Follower of Uskayaw.
             Shot with a sling bullet by Joseph (14 damage)
             ... on level 7 of the Dungeon.
             The game lasted 00:56:34 (8001 turns).

hazymike the Grappler (Ghoul Monk)                  Turns: 8001, Time: 00:56:34

Health: -7/79      AC: 13    Str: 17    XL:     9   Next: 76%
Magic:  11/11      EV: 17    Int:  5    God:    Uskayaw [*.....]
Gold:   434        SH:  0    Dex: 13    Spells: 12/12 levels left

rFire   + . .      SeeInvis .     - Unarmed
rCold   + . .      Faith    .   (no shield)
rNeg    + + +      Spirit   .   n - +0 ring mail
rPois   ∞          Reflect  .   e - +0 helmet
rElec   +          Harm     .   o - +2 cloak
rCorr   +          Rampage  ∞   (no gloves)
Will    .....                   d - +3 pair of seven-league boots {Rampage+∞}
Stlth   ++........              (no amulet)
HPRegen 0.00/turn               p - +4 ring of evasion
MPRegen 0.12/turn               t - ring of Bumah {rElec rF+ rCorr}

@: marked, inhibited regen
A: claws 1, cold resistance 1, negative energy resistance 3, inhibited
regeneration, torment resistance 2
a: Renounce Religion, Stomp


You were on level 7 of the Dungeon.
You worshipped Uskayaw.
Uskayaw was noncommittal.
You visited 2 branches of the dungeon, and saw 8 of its levels.

You collected 1218 gold pieces.
You spent 784 gold pieces at shops.

Inventory:

Missiles
 c - 165 stones
 k - 9 poisoned darts (quivered)
 s - a boomerang
Armour
 a - a +0 robe
 d - the +3 pair of seven-league boots (worn) {Rampage+∞}
   (You acquired it on level 4 of the Dungeon)

   Its wearer moves as far as possible in that direction when moving towards
   enemies.
 e - a +0 helmet (worn)
 h - a +0 leather armour
 n - a +0 ring mail (worn)
 o - a +2 cloak (worn)
Magical Staves
 l - a staff of cold
Jewellery
 p - a +4 ring of evasion (left claw)
 t - the ring of Bumah (right claw) {rElec rF+ rCorr}
   (You bought it in a shop on level 7 of the Dungeon)

   [ring of resist corrosion]

   rF:        It protects you from fire.
   rElec:     It insulates you from electricity.
   rCorr:     It protects you from acid and corrosion.
 u - a ring of see invisible
Scrolls
 b - 4 scrolls of identify
 g - 2 scrolls of teleportation {unknown}
 i - 5 scrolls of fear {unknown}
 q - a scroll of immolation
Potions
 f - 2 potions of curing
 j - a potion of heal wounds {unknown}
 m - a potion of attraction


   Skills:
 + Level 7.1 Fighting
 + Level 5.9 Dodging
 - Level 3.0 Stealth
 * Level 9.6 Unarmed Combat
 - Level 2.0 Spellcasting
 + Level 4.1 Hexes
 + Level 0.2 Invocations


You had 12 spell levels left.
You didn't know any spells.
Your spell library contained the following spells:

 Spells                   Type           Power      Damage    Failure   Level
 Tukima's Dance           Hex            4%         N/A       41%         3
 Ensorcelled Hibernation  Hex/Ice        4%         N/A       45%         2
 Sting                    Tmut/Pois      0%         1d3       63%         1
 Summon Small Mammal      Summ           0%         N/A       63%         1
 Summon Guardian Golem    Hex/Summ       2%         N/A       71%         3
 Poisonous Vapours        Pois/Air       0%         N/A       77%         2
 Call Canine Familiar     Summ           0%         N/A       94%         3
 Olgreb's Toxic Radiance  Pois           0%         N/A       100%        4
 Malign Gateway           Summ/Tloc      0%         N/A       100%        7
 Summon Horrible Things   Summ           0%         N/A       100%        8


Dungeon Overview and Level Annotations

Branches:
Dungeon (7/15)             Temple (1/1) D:5

Altars:
Cheibriados
Dithmenos
Fedhas
Gozag
Hepliaklqana
Kikubaaqudgha
Makhleb
Nemelex Xobeh
Okawaru
Ru
Sif Muna
Trog
Uskayaw
Vehumet
Wu Jian
Xom
Yredelemnul
Zin

Shops:
D:7 =

Annotations:
D:7 exclusion: zombie, Harold, Joseph


Innate Abilities, Weirdness & Mutations

You thrive by killing the living.
You are immune to poison.
You have sharp fingernails.
Your flesh is cold resistant. (rC+)
You are immune to negative energy. (rN+++)
You do not regenerate when monsters are visible.
You are immune to unholy pain and torment.


Message History

You kill the scorpion!
k - 6 poisoned darts (gained 1)
k - 7 poisoned darts (gained 1)
k - 9 poisoned darts (gained 2)
You see here a +0 club.
Harold shouts!
Joseph shouts!
Harold zaps a wand.
The mass of ice explodes!
The iceblast engulfs you! You partially resist.
You hear a bark!
Harold throws a throwing net.
The throwing net hits you.
You become entangled in the net!
You see here a throwing net.
You struggle against the net.
You struggle against the net.
You struggle against the net.
Joseph unwields a +0 quarterstaff of speed.
Joseph wields a +0 hunting sling.
Joseph shoots a sling bullet.
The sling bullet hits you!
Harold points at you and mumbles some strange words.
A sentinel's mark forms upon you.
You shred the net and break free!
Joseph shoots a sling bullet.
The sling bullet closely misses you.
Harold zaps a wand.
The mass of ice explodes!
The iceblast engulfs you. You partially resist.
Joseph shoots a sling bullet.
The sling bullet barely misses you.
Harold zaps a wand.
The mass of ice explodes!
The iceblast engulfs you! You partially resist.
The now-empty wand crumbles to dust.
A hound comes into view.
Harold fires a harpoon shot at you. The harpoon shot hits you!
You are yanked forward by the harpoon shot.
Joseph shoots a sling bullet.
The sling bullet hits you!
* * * LOW HITPOINT WARNING * * *
As you read the scroll labelled OSEEJI IP DUA, it crumbles to dust.
It is a scroll of brand weapon.
You aren't carrying any weapons that can be branded.
Harold hits you with a +0 glaive.
* * * LOW HITPOINT WARNING * * *
Joseph shoots a sling bullet.
The sling bullet hits you!
You die...

#. ##........#.##.........
#.. ########.#.##....#####
#... #...##..### ##_ #...#
##......####8.. ....#
##......#.##...
##..########.)...###.#8...
#..............#.##..##..
#..#....h@.....)..##.##
@@.
####.@.@...###....###... .
#.......# #.....#8...
#.......###..#####...
#.......#....# #8..
###......#'#.# ##>
#..######.#<# ### #. .#
#..#######.########.. ).#.
#.# #.'..∩..'.......
#...####. #.###.###.######


You could see Harold, Joseph and a hound.

Vanquished Creatures
  Prince Ribbit (D:6)
  A hornet (D:7)
  A steam dragon (D:4)
  Duvessa (D:6)
  An orc warrior (D:7)
  2 black bears (D:5)
  A necrophage (D:5)
  An ogre (D:6)
  3 phantoms
  A kobold brigand (D:7)
  A wyvern zombie (D:6)
  3 scorpions
  Dowan (D:6)
  4 killer bees (D:7)
  5 wights (D:6)
  2 bullfrog zombies
  A centaur zombie (D:7)
  5 hounds
  2 jellies
  2 orc priests
  2 centaur skeletons
  2 gnoll shamans
  3 iguanas (D:4)
  2 orc wizards (D:6)
  2 killer bee zombies (D:6)
  A howler monkey zombie (D:7)
  4 adders
  6 gnolls
  A white imp (D:7)
  2 ufetubi
  4 dart slugs
  16 orcs
  5 bats
  5 endoplasms
  3 giant cockroaches
  8 goblins
  10 hobgoblins
  7 jackals (D:3)
  A quokka (D:4)
  10 ball pythons
  A frilled lizard (D:2)
  9 kobolds
  8 rats
151 creatures vanquished.

Notes
Turn   | Place    | Note
-------+----------+-------------------------------------------
     0 | D:1      | hazymike the Ghoul Monk began the quest for the Orb.
     0 | D:1      | Reached XP level 1. HP: 19/19 MP: 0/0
   149 | D:1      | Reached XP level 2. HP: 25/26 MP: 1/1
   754 | D:1      | Reached XP level 3. HP: 31/31 MP: 2/2
  1119 | D:1      | Reached skill level 4 in Unarmed Combat
  1668 | D:2      | Reached XP level 4. HP: 34/40 MP: 3/3
  2486 | D:2      | Reached XP level 5. HP: 46/46 MP: 4/4
  2985 | D:3      | Found an opulent altar of Gozag.
  3592 | D:4      | Identified a scroll of acquirement
  3592 | D:4      | Acquired the +3 pair of seven-league boots {Rampage+∞}
  3592 | D:4      | Found the +3 pair of seven-league boots {Rampage+∞}
  3660 | D:4      | You fall into a shaft and drop 1 floor!
  3660 | D:5      | Entered Level 5 of the Dungeon
  3668 | D:5      | Reached skill level 5 in Unarmed Combat
  3685 | D:5      | Reached XP level 6. HP: 53/53 MP: 5/5
  3836 | D:5      | Reached skill level 1 in Hexes
  3840 | D:5      | Reached skill level 1 in Spellcasting
  4001 | D:5      | Noticed a black bear
  4010 | D:5      | Killed a black bear
  4017 | D:5      | Reached XP level 7. HP: 60/60 MP: 6/8
  4141 | D:5      | Acquired 908 gold pieces
  4199 | D:5      | Reached skill level 6 in Unarmed Combat
  4215 | D:5      | Reached skill level 5 in Fighting
  4465 | D:4      | Noticed a steam dragon
  4720 | D:4      | Reached XP level 8. HP: 63/68 MP: 10/10
  4951 | D:4      | Reached skill level 7 in Unarmed Combat
  5282 | D:5      | Found a staircase to the Ecumenical Temple.
  5290 | Temple   | Entered the Ecumenical Temple
  5362 | Temple   | Became a worshipper of Uskayaw the Reveller
  5362 | Temple   | Reached * piety under Uskayaw
  5482 | D:5      | Found a snail-covered altar of Cheibriados.
  5760 | D:6      | Noticed Prince Ribbit
  5777 | D:6      | Reached ** piety under Uskayaw
  5834 | D:6      | Killed Prince Ribbit
  6117 | D:6      | Found a bloodstained altar of Trog.
  6133 | D:6      | Reached skill level 8 in Unarmed Combat
  6168 | D:6      | Reached skill level 5 in Dodging
  6204 | D:6      | Noticed Duvessa
  6265 | D:6      | Killed Duvessa
  6311 | D:6      | Noticed Dowan
  6390 | D:6      | Reached XP level 9. HP: 66/75 MP: 11/11
  6481 | D:6      | Reached *** piety under Uskayaw
  6543 | D:6      | Killed Dowan
  6602 | D:6      | Identified the +3 spear of Zophy {flame, rElec rN++ Will-
                  | Stlth+}
  6933 | D:6      | Found a blossoming altar of Fedhas.
  7266 | D:7      | Found a sacrificial altar of Ru.
  7332 | D:7      | Noticed Joseph
  7567 | D:7      | Noticed Harold
  7627 | D:7      | Reached skill level 9 in Unarmed Combat
  7637 | D:7      | Reached **** piety under Uskayaw
  7640 | D:7      | Found Jyfariko's Jewellery Shoppe.
  7640 | D:7      | Reached ***** piety under Uskayaw
  7653 | D:7      | Bought the ring of Bumah {rElec rF+ rCorr} for 574 gold
                  | pieces
  7653 | D:7      | Bought a ring of see invisible for 210 gold pieces
  7865 | D:7      | Noticed a hornet
  7880 | D:7      | Killed a hornet
  8001 | D:7      | Shot with a sling bullet by Joseph

Illustrated notes

Levels and vault maps discovered:
D:1:      lemuel_arrival_cross, layout_basic, chequers_serial_rivers_large_a
D:2:      layout_rooms, chequers_hall_statues_wall_a
D:3:      layout_loops_corners, grunt_gozag_statues
D:4:      layout_cave_pools
D:5:      minmay_inner_zag, layout_basic, general_overflow_altar,
          minmay_temple_entry_fiery, minmay_misc_feat_columns
D:6:      layout_basic, lemuel_round_altar, mainiacjoe_overflow_catwalk,
          uniq_prince_ribbit1, uniq_duvessa
D:7:      layout_rooms, nicolae_overflow_hidden_temple, serial_shops,
          nicolae_shop_hallway_plus, uniq_harold, uniq_joseph
Temple:   dshaligram_water_room_temple

Skill      XL: |  1  2  3  4  5  6  7  8  9 |
---------------+----------------------------+-----
Dodging        | 3 4 5 |  5.9
Unarmed Combat | 4 5 6 8 9 |  9.6
Stealth        | 3 |  3.0
Fighting       | 4 5 6 7 |  7.1
Hexes          | 1 2 3 4 |  4.1
Spellcasting   | 1 2 |  2.0
Invocations    | |  0.2

Action                   |  1- 3 |  4- 6 |  7- 9 || total
-------------------------+-------+-------+-------++-------
Melee: Unarmed           |   110 |   128 |   334 ||   572
       Punch             |     1 |     4 |    11 ||    16
Throw: Stone             |    65 |    73 |    43 ||   181
       Dart              |       |    22 |    53 ||    75
       Boomerang         |       |       |     1 ||     1
Invok: Line Pass         |       |       |     1 ||     1
  Use: Scroll            |       |     8 |     3 ||    11
 Stab: Sleeping          |     2 |       |       ||     2
       Distracted        |       |     1 |       ||     1
       Paralysed         |       |       |     4 ||     4
       Confused          |       |       |     1 ||     1
Armor: Robe              |    20 |     4 |       ||    24
       Leather armour    |       |     9 |       ||     9
       Ring mail         |       |    31 |   111 ||   142
Dodge: Dodged            |    52 |    65 |   240 ||   357

Table legend: (Time is in decaauts)
 A = Elapsed time spent in this place.
 B = Non-inter-level travel time spent in this place.
 C = Inter-level travel time spent in this place.
 D = Time resting spent in this place.
 E = Time spent auto-exploring this place.
 F = Levels seen in this place.
 G = Mean time per level.
                   A        B        C        D        E       F      G
               +--------+--------+--------+--------+--------+-----+--------+
         Total |   7969 |   7442 |    527 |   1614 |   3811 |   8 |  996.1 |
       Dungeon |   7876 |   7368 |    508 |   1614 |   3751 |   7 | 1125.1 |
        Temple |     92 |     73 |     19 |      0 |     60 |   1 |   92.0 |
               +--------+--------+--------+--------+--------+-----+--------+

Top non-repeatable levels by time:
     D:6: 1716 daAuts
     D:1: 1592 daAuts
     D:5: 1263 daAuts
     D:3: 1030 daAuts
     D:2: 1013 daAuts
     D:7: 646 daAuts
     D:4: 613 daAuts
  Temple: 92 daAuts
